 Dungeon Crawl Stone Soup version 0.29-a0-876-gfc89b1a5bd (webtiles) character file.

Game seed: 6407123642006919227

2168 zeratav the Tainter (level 9, 0/62 HPs)
             Began as an Octopode Venom Mage on July 19, 2022.
             Slain by a centaur (1 damage)
             ... on level 7 of the Dungeon.
             The game lasted 00:25:12 (10655 turns).

zeratav the Tainter (Octopode Venom Mage)          Turns: 10655, Time: 00:25:13

Health: 0/62       AC:  1    Str: 17    XL:     9   Next: 32%
Magic:  12/12      EV: 14    Int: 24    God:
Gold:   332        SH:  3    Dex: 12    Spells: 5/12 levels left

rFire   . . .      SeeInvis +   h - +1 dagger (venom) {short}
rCold   + . .      Faith    .   u - +0 buckler
rNeg    + . .      Spirit   .   (helmet restricted)
rPois   +          Reflect  .   (no amulet)
rElec   .          Harm     .   c - ring of Lod Kewi {rPois rN+ Str+3 Int+3 Dex+3}
rCorr   .          Rampage  .   y - ring of the Final Decision {+Blink rC+ Str+6 Dex-3 SInv}
Will    .....                   (no ring)
Stlth   ++++......              (no ring)
HPRegen 0.20/turn               (no ring)
MPRegen 0.13/turn               (no ring)
                                (no ring)
                                (no ring)

@: no status effects
A: almost no armour, amphibious, 8 rings, camouflage 1, gelatinous body 1,
(nimble swimmer 1), tentacles
a: Evoke Blink


You were on level 7 of the Dungeon.
You visited 2 branches of the dungeon, and saw 8 of its levels.

You collected 983 gold pieces.
You spent 651 gold pieces at shops.


Innate Abilities, Weirdness & Mutations

You cannot wear most types of armour.
You are amphibious.
You can wear up to eight rings at the same time.
Your skin changes colour to match your surroundings (Stealth+).
Your rubbery body absorbs attacks. (AC +1, EV +1)
((You are camouflaged when in or above water. (Stealth+)))
You have tentacles for arms and can constrict up to eight enemies at once.


   Skills:
 + Level 6.0 Fighting
 + Level 6.4 Dodging
 - Level 5.0 Stealth
 - Level 2.0 Spellcasting
 - Level 1.0 Transmutations
 - Level 10.0 Poison Magic


You had 5 spell levels left.
You knew the following spells:

 Your Spells              Type           Power      Damage    Failure   Level
a - Sting                 Tmut/Pois      100%       1d8       1%          1
b - Poisonous Vapours     Pois/Air       52%        N/A       3%          2
c - Olgreb's Toxic Radia  Pois           50%        N/A       2%          4

Your spell library contained the following spells:

 Spells                   Type           Power      Damage    Failure   Level
 Spider Form              Tmut/Pois      28%        N/A       4%          3
 Beastly Appendage        Tmut           14%        N/A       11%         1
 Mephitic Cloud           Conj/Pois/Air  18%        N/A       13%         3
 Apportation              Tloc           4%         N/A       16%         1
 Shock                    Conj/Air       8%         1d3       16%         1
 Slow                     Hex            8%         N/A       16%         1
 Wereblood                Tmut           7%         N/A       16%         2
 Confusing Touch          Hex            2%         N/A       43%         3
 Swiftness                Air            2%         N/A       43%         3
 Vampiric Draining        Necr           2%         2d6       43%         3
 Alistair's Intoxication  Tmut/Pois      18%        N/A       43%         5
 Airstrike                Air            1%         0-2+      85%         4
 Animate Dead             Necr           2%         N/A       85%         4
 Borgnjor's Vile Clutch   Necr/Erth      1%         N/A       99%         5
 Iskenderun's Battlesphe  Conj           2%         2d6       99%         5
 Death Channel            Necr           1%         N/A       100%        6
 Iron Shot                Conj/Erth      1%         9d1       100%        6
 Spellforged Servitor     Conj/Summ      1%         N/A       100%        7

Inventory:

Hand Weapons
 h - a +1 dagger of venom (weapon) {short}
   (You took it off a goblin on level 1 of the Dungeon)
 t - a +2 vorpal spear {polearm}
   (You took it off a gnoll sergeant on level 3 of the Dungeon)
Armour
 u - a +0 buckler (worn)
   (You took it off a gnoll sergeant on level 3 of the Dungeon)
Jewellery
 c - the ring of Lod Kewi (left tentacle) {rPois rN+ Str+3 Int+3 Dex+3}
   (You bought it in a shop on level 2 of the Dungeon)

   [ring of poison resistance]

   Str:       It affects your strength (+3).
   Int:       It affects your intelligence (+3).
   Dex:       It affects your dexterity (+3).
   rPois:     It protects you from poison.
   rN:        It protects you from negative energy.
 p - a ring of fire
   (You found it on level 3 of the Dungeon)
 y - the ring of the Final Decision (right tentacle) {+Blink rC+ Str+6 Dex-3 SInv}
   (You acquired it on level 7 of the Dungeon)

   [ring of strength]

   Str:       It affects your strength (+6).
   Dex:       It affects your dexterity (-3).
   rC:        It protects you from cold.
   SInv:      It lets you see invisible.
   +Blink:    It lets you blink.
Wands
 q - a wand of iceblast (7)
   (You found it on level 4 of the Dungeon)
Scrolls
 d - a scroll of fear
 f - 3 scrolls of poison {!r}
 g - 2 scrolls of enchant weapon
 i - a scroll of immolation {!r!r}
 l - a scroll of magic mapping {!r}
 m - a scroll of summoning
 o - 3 scrolls of teleportation {@r4}
 v - a scroll of identify {@r1}
 z - a scroll of silence {!r}
Potions
 a - a potion of mutation {unknown}
 b - a potion of brilliance {unknown}
 e - 4 potions of curing {@q1}
 j - 2 potions of heal wounds {unknown}
 k - a potion of degeneration {unknown}
 n - a potion of haste {unknown}
 r - a potion of invisibility {unknown}
 s - 2 potions of cancellation {unknown}
 w - 2 potions of flight {unknown}
 x - 2 potions of berserk rage {unknown}

Dungeon Overview and Level Annotations

Branches:
Dungeon (7/15) Zot: 26572  Temple (1/1) D:7 Zot: 5875

Altars:
Ashenzari
Dithmenos
Elyvilon
Fedhas
Hepliaklqana
Kikubaaqudgha
Makhleb
Qazlal
Sif Muna
Uskayaw
Wu Jian
Yredelemnul
Zin
The Shining One

Shops:
D:2 :=*:*   D:5 (

Annotations:
D:6 exclusions: hound, shadow and steam dragon

##.# #.####.####..........#.##...
##.# #........###.#######.)...###
.#.# #........##...######>....###
...###................##.........
..............##...##.##......##.
..###)#.......###...........(.##.
.####.#.......# #.###.##.##.####.
###...#.......###.###.##.##.#....
##..#.####..###.@........##......
............# #c###+###..####....
........##.## #.# #..# ##.#.
≈≈....#.##.# #.# #..# #...
≈≈≈≈..#.##.# #.+ #..# #...
≈≈≈≈≈.#.##.# #.# #... ##..≈
≈≈≈≈≈.#.##.# #.# .....≈≈
≈≈≈≈≈...##.# #.# #.##.≈≈
≈≈≈≈≈...##.# #.. # #.≈≈


You could see a centaur (extremely poisoned).


Message History

You see here a +0 great sword {long}.
v - 2 scrolls of identify {@r1} (gained 1)
You see here a +0 great sword {long}.
A bullfrog comes into view.
The bullfrog croaks.
As you read the scroll of identify {@r1}, it crumbles to dust.
e - 6 potions of curing You hit the bullfrog.
You grab the bullfrog. You squeeze the bullfrog. You constrict the bullfrog.
The bullfrog hits you.
A centaur comes into view.
HP[-2]
You take 2 damage, and now have 60/62 hp.
The centaur shouts!
You hit the bullfrog.
The bullfrog is poisoned.
You squeeze the bullfrog.
You kill the bullfrog!
The centaur wields a +0 shortbow.
The centaur shoots an arrow.
The arrow hits you!
Your Fighting skill increases to level 6!
HP[-9]
You take 9 damage, and now have 51/62 hp.
The centaur shoots an arrow.
The arrow hits you.
The centaur shoots an arrow.
The arrow hits you!
HP[-18]
You take 18 damage, and now have 33/62 hp.
MASSIVE DAMAGE!! (PAUSE)
The centaur shoots an arrow.
The arrow hits you!
* * * LOW HITPOINT WARNING * * *
HP[-11]
You take 11 damage, and now have 22/62 hp.
The centaur shoots an arrow.
The arrow hits you.
* * * LOW HITPOINT WARNING * * *
HP[-1]
You take 1 damage, and now have 21/62 hp.
You feel better.
HP[+9]
You regained 9 hp, and now have 30/62 hp.
You feel better.
HP[+10]
You regained 10 hp, and now have 40/62 hp.
The centaur shoots an arrow.
The arrow hits you!
* * * LOW HITPOINT WARNING * * *
HP[-10]
You take 10 damage, and now have 30/62 hp.
The centaur unwields a +0 shortbow.
The centaur misses you. You block the centaur's attack.
You barely miss the centaur. The centaur barely misses you.
The centaur kicks you.
* * * LOW HITPOINT WARNING * * *
The centaur hits you.
* * * LOW HITPOINT WARNING * * *
The centaur kicks you.
* * * LOW HITPOINT WARNING * * *
HP[-8]
You take 8 damage, and now have 22/62 hp.
You hit the centaur. The centaur barely misses you.
You block the centaur's attack.
HP[+1]
You closely miss the centaur. Your squeeze misses the centaur.
The centaur closely misses you. The centaur kicks you.
* * * LOW HITPOINT WARNING * * *
The centaur hits you.
* * * LOW HITPOINT WARNING * * *
The centaur barely misses you.
HP[-3]
You take 3 damage, and now have 20/62 hp.
You completely miss the centaur. The centaur barely misses you.
The centaur kicks you but does no damage.
The centaur barely misses you. The centaur kicks you.
* * * LOW HITPOINT WARNING * * *
HP[-3]
You take 3 damage, and now have 17/62 hp.
You completely miss the centaur. The centaur misses you.
The centaur barely misses you.
You hit the centaur.
The centaur is poisoned.
You block the centaur's attack. The centaur kicks you.
* * * LOW HITPOINT WARNING * * *
The centaur closely misses you. x2
HP[-1]
You take 1 damage, and now have 16/62 hp.
You hit the centaur.
The centaur looks as sick as possible!
You tentacle-slap the centaur. The centaur hits you.
* * * LOW HITPOINT WARNING * * *
You block the centaur's attack. The centaur closely misses you.
The centaur kicks you.
* * * LOW HITPOINT WARNING * * *
HP[-3]
You take 3 damage, and now have 13/62 hp.
You hit the centaur but do no damage.
The centaur looks as sick as possible!
The centaur barely misses you. The centaur kicks you.
* * * LOW HITPOINT WARNING * * *
HP[-1]
You take 1 damage, and now have 12/62 hp.
You hit the centaur but do no damage. The centaur hits you.
* * * LOW HITPOINT WARNING * * *
The centaur kicks you.
* * * LOW HITPOINT WARNING * * *
The centaur hits you.
* * * LOW HITPOINT WARNING * * *
The centaur kicks you.
You die...

Skill      XL: |  1  2  3  4  5  6  7  8  9 |
---------------+----------------------------+-----
Stealth        | 3 4 5 |  5.0
Poison Magic   | 4 5 7 8 10 | 10.0
Fighting       | 1 5 6 |  6.0
Dodging        | 5 6 |  6.4
Spellcasting   | |  2.0
Transmutations | |  1.0

Action                   |  1- 3 |  4- 6 |  7- 9 || total
-------------------------+-------+-------+-------++-------
Melee: Dagger            |    63 |    39 |    88 ||   190
       Constrict         |    14 |    12 |    17 ||    43
       Unarmed           |     3 |       |       ||     3
       Tentacles         |     9 |     7 |    27 ||    43
       Spear             |       |       |     9 ||     9
       Punch             |       |       |     3 ||     3
 Cast: Sting             |    12 |    35 |     8 ||    55
       Poisonous Vapours |       |    32 |    55 ||    87
       Olgreb's Toxic Ra |       |     4 |    10 ||    14
Evoke: Wand              |       |     1 |     1 ||     2
  Use: Scroll            |       |       |    14 ||    14
       Potion            |       |       |     3 ||     3
 Stab: Sleeping          |     5 |     3 |     4 ||    12
Armor: Skin              |     6 |     5 |     6 ||    17
Dodge: Dodged            |    46 |    27 |    90 ||   163
Block: Buckler           |       |       |    20 ||    20

Levels and vault maps discovered:
D:1:      tarquinn_simple_flora_water_f, layout_rooms,
          shapermc_ecumenical_altar_totnotflames, moated_statue,
          hangedman_decor_riveting
D:2:      layout_basic, basic_altar, serial_rivers,
          chequers_serial_rivers_small_3, chequers_serial_rivers_micro_e,
          chequers_serial_rivers_micro_b, chequers_serial_rivers_micro_b,
          chequers_serial_rivers_marsh, chequers_serial_rivers_large_b,
          serial_shops, shop, nicolae_shop_behind_doors, nicolae_square_shop,
          nicolae_shop_stone, nicolae_lakefront_shop
D:3:      layout_rooms
D:4:      layout_cave_pools
D:5:      layout_layer_cave, mainiacjoe_overflow_alcove_1,
          grunt_dithmenos_smoke_and_mirrors, serial_shops,
          nicolae_shop_window_shopping
D:6:      minmay_clustersquares, layout_rooms, marbit_many_paths,
          kennysheep_mini, serial_demonic, serial_demonic_b, serial_demonic_e,
          serial_demonic_a, serial_demonic_b, uniq_pikel
D:7:      layout_loops_ring, mainiacjoe_overflow_catwalk, lemuel_doored_altar,
          mainiacjoe_overflow_alcove_4, temple_pool_b,
          gammafunk_ghost_berserking_beasts, uniq_crazy_yiuf_cottage
Temple:   compressed_dpeg_triangle_lava_temple

Notes
Turn   | Place    | Note
-------+----------+-------------------------------------------
     0 | D:1      | zeratav the Octopode Venom Mage began the quest for the
                  | Orb.
     0 | D:1      | Reached XP level 1. HP: 11/11 MP: 3/3
     0 | D:1      | magus.rc [v1.9.6]
    35 | D:1      | HP: 2/11 [quokka (3)]
   398 | D:1      | Reached skill level 3 in Stealth
   502 | D:1      | Reached XP level 2. HP: 17/17 MP: 5/5
   508 | D:1      | Reached skill level 4 in Poison Magic
   783 | D:1      | Found a faded altar of an unknown god.
   967 | D:1      | You pick up a book of Unlife and begin reading...
   967 | D:1      | You add the spells Animate Dead, Borgnjor's Vile Clutch and
                  | Death Channel to your library.
  1395 | D:2      | Found Wyfirche's Jewellery Shoppe.
  1416 | D:2      | Reached XP level 3. HP: 15/21 MP: 6/6
  1422 | D:2      | Reached skill level 4 in Stealth
  1890 | D:2      | You pick up a book of Power and begin reading...
  1890 | D:2      | You add the spells Iskenderun's Battlesphere, Iron Shot and
                  | Spellforged Servitor to your library.
  1894 | D:2      | Learned a level 2 spell: Poisonous Vapours
  1912 | D:2      | Found Soaffycu's Book Shoppe.
  1959 | D:2      | Found Riqoas's General Store.
  2001 | D:2      | Reached XP level 4. HP: 21/27 MP: 7/7
  2343 | D:2      | Found Jozeirr's Assorted Antiques.
  2360 | D:2      | HP: 6/27 [poisoned by an adder]
  2651 | D:2      | Found Gorovy's Book Boutique.
  2665 | D:2      | Found a glowing silver altar of Zin.
  2829 | D:3      | Reached skill level 5 in Poison Magic
  2901 | D:3      | You pick up a book of Air and begin reading...
  2901 | D:3      | You add the spells Shock, Swiftness and Airstrike to your
                  | library.
  2979 | D:2      | Reached skill level 5 in Stealth
  3083 | D:3      | You pick up a book of Party Tricks and begin reading...
  3083 | D:3      | You add the spells Apportation and Alistair's Intoxication
                  | to your library.
  3207 | D:3      | Noticed a gnoll sergeant
  3816 | D:3      | Reached XP level 5. HP: 31/31 MP: 1/8
  3924 | D:3      | Reached skill level 6 in Poison Magic
  4210 | D:3      | HP: 5/31 [gnoll/+0 spear[a gnoll sergeant] (11)]
  4534 | D:3      | Reached skill level 7 in Poison Magic
  4534 | D:3      | Reached XP level 6. HP: 36/36 MP: 1/9
  4637 | D:3      | Learned a level 4 spell: Olgreb's Toxic Radiance
  4664 | D:4      | Noticed an orc warrior
  4684 | D:3      | Killed an orc warrior
  5198 | D:4      | Reached skill level 8 in Poison Magic
  5252 | D:3      | HP: 7/36 [ogre/+0 giant club (7)]
  5265 | D:3      | Reached XP level 7. HP: 10/41 MP: 2/10
  5886 | D:4      | Reached skill level 9 in Poison Magic
  6224 | D:4      | Identified a scroll of acquirement
  6231 | D:4      | Acquired 759 gold pieces
  6276 | D:2      | Bought the ring of Lod Kewi {rPois rN+ Str+3 Int+3 Dex+3}
                  | for 651 gold pieces
  6301 | D:5      | Entered Level 5 of the Dungeon
  6990 | D:5      | You pick up a book of Debilitation and begin reading...
  6990 | D:5      | You add the spells Slow, Vampiric Draining and Confusing
                  | Touch to your library.
  7057 | D:5      | You pick up a book of Changes and begin reading...
  7057 | D:5      | You add the spells Beastly Appendage, Wereblood and Spider
                  | Form to your library.
  7121 | D:5      | Found a shimmering blue altar of Sif Muna.
  7152 | D:5      | Found Ojinko's Antique Weapon Emporium.
  7348 | D:5      | Found a shadowy altar of Dithmenos.
  7564 | D:5      | Reached skill level 10 in Poison Magic
  7570 | D:5      | Reached skill level 1 in Fighting
  8109 | D:6      | Reached XP level 8. HP: 46/48 MP: 11/11
  8197 | D:6      | Noticed Pikel
  8289 | D:6      | Reached skill level 2 in Fighting
  8289 | D:6      | Reached skill level 3 in Dodging
  8873 | D:6      | Reached skill level 3 in Fighting
  8873 | D:6      | Reached skill level 4 in Dodging
  9159 | D:6      | Found a hide-covered altar of Uskayaw.
  9222 | D:6      | Killed Pikel
  9223 | D:6      | Reached skill level 4 in Fighting
  9223 | D:6      | Reached skill level 5 in Dodging
  9239 | D:6      | HP: 12/54 [shadow imp (5)]
  9322 | D:6      | Reached skill level 5 in Fighting
  9322 | D:6      | Reached XP level 9. HP: 30/61 MP: 12/12
  9942 | D:6      | Reached skill level 6 in Dodging
  9989 | D:6      | Found a glowing golden altar of the Shining One.
 10108 | D:7      | Acquired the ring of the Final Decision {+Blink rC+ Str+6
                  | Dex-3 SInv}
 10126 | D:7      | Found a white marble altar of Elyvilon.
 10435 | D:7      | Found a staircase to the Ecumenical Temple.
 10444 | Temple   | Entered the Ecumenical Temple
 10637 | D:7      | Reached skill level 6 in Fighting
 10653 | D:7      | HP: 15/62 [centaur (2)]
 10655 | D:7      | HP: 7/62 [centaur (3)]
 10655 | D:7      | HP: 1/62 [centaur (6)]
 10655 | D:7      | Slain by a centaur

Vanquished Creatures
  Pikel (D:6)
  2 steam dragons (D:6)
  An orc warrior (D:3)
  2 ogres
  2 centaurs
  3 lemures (D:6)
  A gnoll sergeant (D:3)
  A bullfrog (D:7)
  A necrophage (D:5)
  A scorpion (D:6)
  A howler monkey (D:5)
  A quasit (D:6)
  5 hounds
  A jelly (D:6)
  An orc priest (D:4)
  A gnoll bouda (D:7)
  An iguana (D:4)
  13 gnolls
  11 adders
  4 shadow imps (D:6)
  2 white imps
  7 ufetubi
  2 worms
  3 dart slugs (D:4)
  15 orcs
  7 ball pythons
  7 bats
  3 endoplasms
  2 giant cockroaches (D:4)
  11 goblins
  7 hobgoblins
  6 kobolds
  2 quokkas
  6 frilled lizards
  3 rats
137 creatures vanquished.

Vanquished Creatures (collateral kills)
  A black bear (D:6)
1 creature vanquished.

Vanquished Creatures (others)
  2 demonic plants (D:6)
2 creatures vanquished.

Grand Total: 140 creatures vanquished

Table legend:
 A = Non-vault XP
 B = Vault XP
 C = Vault XP percentage of total XP
 D = Non-vault monster count
 E = Vault monster count
 F = Vault count percentage of total count
                 A         B        C        D         E       F
            +---------+---------+-------+---------+---------+-------
      Total |    2196 |     902 |  29.1 |     124 |      11 |   8.1
            +---------+---------+-------+---------+---------+-------
        D:1 |      29 |       0 |   0.0 |      16 |       0 |   0.0
        D:2 |     101 |       0 |   0.0 |      27 |       0 |   0.0
        D:3 |     436 |       0 |   0.0 |      22 |       0 |   0.0
        D:4 |     181 |       0 |   0.0 |      21 |       0 |   0.0
        D:5 |     447 |       0 |   0.0 |      15 |       0 |   0.0
        D:6 |     695 |     902 |  56.5 |      15 |      11 |  42.3
        D:7 |     307 |       0 |   0.0 |       8 |       0 |   0.0
            +---------+---------+-------+---------+---------+-------

Illustrated notes

Table legend:
 A = Kills in this place as a percentage of kills in entire the game.
 B = Kills by you in this place as a percentage of kills by you in the entire game.
 C = Kills by friends in this place as a percentage of kills by friends in the entire game.
 D = Other kills in this place as a percentage of other kills in the entire game.
 E = Experience gained in this place as a percentage of experience gained in the entire game.
 F = Experience gained in this place divided by the number of levels of this place that you have seen.
                   A       B       C       D       E      F
               +-------+-------+-------+-------+-------+----------------------
         Total | 100.0 | 100.0 | 100.0 |   N/A | 100.0 | 387.2
       Dungeon | 100.0 | 100.0 | 100.0 |   N/A | 100.0 | 442.6
               +-------+-------+-------+-------+-------+----------------------

Table legend: (Time is in decaauts)
 A = Elapsed time spent in this place.
 B = Non-inter-level travel time spent in this place.
 C = Inter-level travel time spent in this place.
 D = Time resting spent in this place.
 E = Time spent auto-exploring this place.
 F = Levels seen in this place.
 G = Mean time per level.
                   A        B        C        D        E       F      G
               +--------+--------+--------+--------+--------+-----+--------+
         Total |  10666 |  10300 |    366 |   4190 |   3549 |   8 | 1333.2 |
       Dungeon |  10541 |  10182 |    359 |   4190 |   3437 |   7 | 1505.9 |
        Temple |    124 |    118 |      6 |      0 |    112 |   1 |  124.0 |
               +--------+--------+--------+--------+--------+-----+--------+

Top non-repeatable levels by time:
     D:3: 2225 daAuts
     D:2: 2082 daAuts
     D:6: 1930 daAuts
     D:5: 1660 daAuts
     D:4: 1155 daAuts
     D:1: 1061 daAuts
     D:7: 426 daAuts
  Temple: 124 daAuts
